 Dungeon Crawl Stone Soup version 0.30-a0-802-gb92711bcdf (webtiles) character file.

Game seed: 768975421592972916

72 Monkooky the Trooper (level 3, -4/34 HPs)
             Began as a Demigod Wanderer on Feb 24, 2023.
             Slain by Sigmund the killer bee (6 damage)
             ... on level 3 of the Dungeon.
             The game lasted 00:02:18 (1670 turns).

Monkooky the Trooper (Demigod Wanderer)             Turns: 1670, Time: 00:02:18

Health: -4/34      AC:  6    Str: 20    XL:     3   Next: 82%
Magic:  5/5        EV: 10    Int: 11    God:
Gold:   134        SH:  4    Dex: 13    Spells: 2/2 levels left

rFire   . . .      SeeInvis .    a - +2 short sword
rCold   . . .      Faith    .    c - +0 buckler
rNeg    . . .      Spirit   .    k - +1 ring mail {rC+}
rPois   .          Reflect  .    (no helmet)
rElec   .          Harm     .    (no cloak)
rCorr   .          Rampage  .    (no gloves)
Will    .....                    (no boots)
Stlth   +                        (no amulet)
HPRegen 0.25/turn                (no ring)
MPRegen 0.09/turn                (no ring)

@: hasted, very quick
A: high MP 1, forlorn, divine attributes, cold vulnerability 1
a: no special abilities


You were on level 3 of the Dungeon.
You visited 1 branch of the dungeon, and saw 3 of its levels.

You collected 134 gold pieces.

Inventory:

Hand Weapons
 a - a +2 short sword (weapon)
Missiles
 e - 4 poisoned darts (quivered)
Armour
 c - a +0 buckler (worn)
 d - a +0 leather armour
 k - a +1 ring mail of cold resistance (worn)
Wands
 s - a wand of polymorph (9)
Scrolls
 h - 2 scrolls of identify
 j - a scroll of fear
 m - a scroll of butterflies {unknown}
 n - 3 scrolls of teleportation {unknown}
 o - a scroll of blinking {unknown}
 p - a scroll of acquirement {unknown}
 q - a scroll of poison {unknown}
 r - a scroll of noise {unknown}
Potions
 b - 2 potions of attraction
 f - a potion of resistance {unknown}
 g - a potion of haste
 i - a potion of mutation
 l - a potion of might {unknown}
 t - a potion of heal wounds {unknown}


   Skills:
 - Level 4.6 Fighting
 - Level 1.7 Short Blades
 - Level 1.7 Shields
 * Level 2.8 Unarmed Combat


You had 2 spell levels left.
You didn't know any spells.
Your spell library contained the following spells:

 Spells                   Type           Power      Damage    Failure   Level
 Cigotuvi's Dreadful Rot  Necr/Pois/Air  0%         N/A       77%         2
 Poisonous Vapours        Pois/Air       0%         N/A       77%         2
 Ignite Poison            Fire/Tmut/Pois 0%         N/A       94%         3
 Kindle Blastsparks       Fire/Tloc/Air  0%         2d10      94%         3
 Mephitic Cloud           Conj/Pois/Air  0%         N/A       94%         3
 Passage of Golubria      Tloc           0%         N/A       100%        4
 Freezing Cloud           Conj/Ice/Air   0%         6-21      100%        5
 Silence                  Hex/Air        0%         N/A       100%        5
 Lehudib's Crystal Spear  Conj/Erth      0%         10d2      100%        8


Dungeon Overview and Level Annotations

Branches:
Dungeon (3/15)

Annotations:
D:3 1 transporter, Sigmund


Innate Abilities, Weirdness & Mutations

You have an increased reservoir of magic. (+10% MP)
You shall have no god before yourself.
Your divine heritage dramatically boosts your attributes as you level up.
You are vulnerable to cold. (rC-)


Message History

The endoplasm hits you but does no damage.
Sigmund attacks as you move away! Sigmund barely misses you.
You block Sigmund's attack.
You barely miss Sigmund. You block Sigmund's attack. Sigmund barely misses you.
You barely miss Sigmund. Sigmund barely misses you.
Sigmund completely misses you.
You barely miss Sigmund. Sigmund stings you. x2
You miss Sigmund. Sigmund barely misses you.
Okay, then.
As you read the scroll labelled TIRA KIFIACURA, it crumbles to dust.
It is a scroll of identify.
j - a scroll of fear Sigmund barely misses you.
You block Sigmund's attack.
You barely miss Sigmund. Sigmund closely misses you. Sigmund misses you.
You closely miss Sigmund. Sigmund stings you.
You are poisoned.
Sigmund poisons you! Sigmund stings you but does no damage.
You hit Sigmund.
Sigmund is moderately wounded.
You feel sick. Sigmund closely misses you. You block Sigmund's attack.
You miss Sigmund.
Sigmund is moderately wounded.
You feel sick. Sigmund closely misses you. You block Sigmund's attack.
You hit Sigmund.
Sigmund is moderately wounded.
You feel sick. Sigmund stings you.
* * * LOW HITPOINT WARNING * * *
Sigmund misses you.
It was a potion of haste.
You feel yourself speed up.
You feel sick. Sigmund closely misses you. You block Sigmund's attack.
You barely miss Sigmund.
Sigmund is moderately wounded.
Sigmund stings you.
* * * LOW HITPOINT WARNING * * *
It was a potion of mutation.
You feel extremely strange.
You feel vulnerable to cold.
You feel sick.
You are no longer poisoned.
Sigmund stings you but does no damage. Sigmund stings you.
You die...

#.#.##..........<....
#..#.#............... ###
#.##.................
....#####.#.#.#......###..##
#...).....#.<#....## ####©
#.........#.......# .
#.####.#######....#. # #
#....#.. ...##. ####@#.##
.## #y#..#..## #J.).....#
##.###.... #.# . ... #.##
#.# #.#


You could see Sigmund the killer bee and an endoplasm.

Vanquished Creatures
  An adder (D:2)
  A worm (D:2)
  A dart slug (D:2)
  3 ball pythons
  6 bats
  10 endoplasms
  5 giant cockroaches
  4 goblins
  6 hobgoblins
  3 quokkas
  2 frilled lizards (D:2)
  4 kobolds (D:1)
  4 rats
50 creatures vanquished.

Notes
Turn   | Place    | Note
-------+----------+-------------------------------------------
     0 | D:1      | Monkooky the Demigod Wanderer began the quest for the Orb.
     0 | D:1      | Monkooky set off with the following items: a +2 short
                  | sword, 2 potions of attraction, a +0 buckler, a +0 leather
                  | armour.
     0 | D:1      | Reached XP level 1. HP: 19/19 MP: 3/3
   110 | D:1      | Reached skill level 4 in Fighting
   214 | D:1      | Reached XP level 2. HP: 27/27 MP: 4/4
   550 | D:1      | Reached XP level 3. HP: 23/34 MP: 5/5
  1562 | D:3      | Found a transporter.
  1649 | D:3      | Noticed Sigmund
  1655 | D:3      | Sigmund changed into Sigmund the killer bee
  1655 | D:3      | Noticed Sigmund
  1670 | D:3      | Gained mutation: You are vulnerable to cold. (rC-) [potion
                  | of mutation]
  1670 | D:3      | Slain by Sigmund the killer bee

Illustrated notes

Levels and vault maps discovered:
D:1:      minmay_arrival_checkered_box, layout_loops_cross
D:2:      layout_basic
D:3:      layout_loops_ring, lemuel_tele_altar, gammafunk_ghost_abyssal_escape,
          cheibrodos_gnoll_hut, uniq_sigmund, uniq_jessica

Skill      XL: |  1  2  3 |
---------------+----------+-----
Fighting       | 4 |  4.6
Unarmed Combat | 2 |  2.8
Short Blades   | |  1.7
Shields        | |  1.7

Action                     || total
---------------------------++-------
  Melee: Short sword       ||   178
  Evoke: Wand              ||     2
    Use: Potion            ||     2
         Scroll            ||     1
   Stab: Sleeping          ||     1
 Armour: Leather armour    ||    21
         Ring mail         ||    35
  Dodge: Dodged            ||    76
  Block: Buckler           ||    39

Table legend: (Time is in decaauts)
 A = Elapsed time spent in this place.
 B = Non-inter-level travel time spent in this place.
 C = Inter-level travel time spent in this place.
 D = Time resting spent in this place.
 E = Time spent auto-exploring this place.
 F = Levels seen in this place.
 G = Mean time per level.
                   A        B        C        D        E       F      G
               +--------+--------+--------+--------+--------+-----+--------+
         Total |   1661 |   1619 |     42 |      0 |   1273 |   3 |  553.7 |
       Dungeon |   1661 |   1619 |     42 |      0 |   1273 |   3 |  553.7 |
               +--------+--------+--------+--------+--------+-----+--------+

Top non-repeatable levels by time:
     D:1: 834 daAuts
     D:2: 719 daAuts
     D:3: 107 daAuts
